 Dungeon Crawl Stone Soup version 0.22-a0-422-g9628fc87f1 (webtiles) character file.

1625 RedPan the Shield-Bearer (level 8, -6/50 HPs)
             Began as an Octopode Wizard on May 23, 2018.
             Shot with an arrow by a centaur (11 damage)
             ... on level 6 of the Dungeon.
             The game lasted 00:24:18 (9084 turns).

RedPan the Shield-Bearer (Octopode Wizard)          Turns: 9084, Time: 00:24:18

Health: -6/50      AC:  2    Str:  6    XL:     8   Next: 97%
Magic:  7/14       EV: 16    Int: 21    God:
Gold:   223        SH:  5    Dex: 16    Spells: 4/15 levels left

rFire    . . .     SeeInvis .   e - +0 dagger
rCold    . . .     Gourm    .   m - +0 buckler
rNeg     . . .     Faith    .   a - +1 hat
rPois    +         Spirit   .   (no amulet)
rElec    .         Reflect  .   i - ring of poison resistance
rCorr    .         Harm     .   r - +4 ring of dexterity
MR       .....                  (no ring)
Stlth    ++++......             (no ring)
HPRegen  0.16/turn              (no ring)
MPRegen  0.14/turn              (no ring)
                                (no ring)
                                (no ring)

@: no status effects
A: almost no armour, stealthy swim, amphibious, 8 rings, constrict 8, camouflage
1, gelatinous body 1
a: no special abilities


You were on level 6 of the Dungeon.
You were very hungry.

You visited 1 branch of the dungeon, and saw 6 of its levels.

You collected 223 gold pieces.

Inventory:

Hand Weapons
 e - a +0 dagger (weapon)
Armour
 a - a +1 hat (worn)
 m - a +0 buckler (worn)
Magical Staves
 d - an uncursed staff of air
Jewellery
 i - a ring of poison resistance (left tentacle)
 r - a +4 ring of dexterity (right tentacle)
Wands
 k - a wand of acid (3)
 q - a wand of paralysis (39)
Scrolls
 j - a scroll of remove curse
 l - a scroll of fear
 n - a scroll of blinking
 p - a scroll of teleportation
 t - a scroll of fog {unknown}
Potions
 b - 4 potions of curing
 f - a potion of cancellation
 g - a potion of heal wounds
 h - a potion of lignification
 o - a potion of ambrosia {unknown}
 s - a potion of might {unknown}
Comestibles
 c - 7 rations


   Skills:
 + Level 2.1 Fighting
 + Level 4.8 Dodging
 - Level 5.1 Stealth
 * Level 5.5 Shields
 - Level 4.4 Spellcasting
 + Level 3.5 Conjurations
 - Level 2.0 Summonings
 - Level 2.0 Translocations
 - Level 2.0 Air Magic
 - Level 4.0 Poison Magic


You had 4 spell levels left.
You knew the following spells:

 Your Spells              Type           Power        Failure   Level  Hunger
a - Magic Dart            Conj           ###.         2%          1    None
b - Blink                 Tloc           N/A          8%          2    #......
c - Call Imp              Summ           ##......     8%          2    #......
d - Mephitic Cloud        Conj/Pois/Air  ###.....     10%         3    ##.....
e - Conjure Flame         Conj/Fire      ##......     17%         3    ##.....

Your spell library contained the following spells:

 Spells                   Type           Power        Failure   Level  Hunger
 Slow                     Hex            #.......     17%         2    #......


Dungeon Overview and Level Annotations

Branches:
Dungeon (6/15)
 Temple: D:4-7

Altars:
Cheibriados
Fedhas
Gozag
Makhleb
Nemelex Xobeh
Wu Jian

Shops:
D:5 }


Innate Abilities, Weirdness & Mutations

You cannot wear most types of armour.
You are very stealthy in the water. (Stealth+)
You are amphibious.
You can wear up to eight rings at the same time.
You can use your tentacles to constrict eight enemies at once.
Your skin changes colour to match your surroundings (Stealth+).
Your rubbery body absorbs attacks. (AC +1, EV +1)


Message History

Orders for allies: a - Attack new target. p - Attack previous target. r - Retreat! s - Stop attacking. g - Guard the area. f - Follow me.
Anything else - Cancel.
Gang up on whom?
Press: ? - help, Dir - move target cursor, f/p - centaur
Aim: a centaur, wielding a shortbow of freezing (lightly wounded) Attack!
The centaur shoots an arrow.
The arrow hits your crimson imp! The arrow freezes your crimson imp.
Your crimson imp dies!
Your crimson imp hits the centaur.
Your crimson imp blinks!
The centaur shoots an arrow.
You block the arrow.
Your crimson imp barely misses the centaur.
The centaur shoots an arrow.
The arrow hits you.
* * * LOW HITPOINT WARNING * * *
The arrow freezes you.
* * * LOW HITPOINT WARNING * * *
The centaur shoots an arrow.
The arrow hits you!
You die...

#...#^......# #.#
#.......
#...#.....#.####.#
#.......
########.........#
#.......
#......###.#
#....... #......#
#.# .......
########......# #.#
#.............# #.#
#.........###.###.#
#.........# #..(@.#
#.........# #5(##.#
#.........# #c.##.#
#.........# #...#.#
#.........# #.#.#(#
#.........# #.#.#.#
#.........# #.#...#
########### #+ #..#
....


You could see a centaur and a friendly crimson imp.

Vanquished Creatures
  The ghost of htuhola the Spear-Bearer, a novice DsAK of Lugonu (D:6)
  The ghost of RedPan the Sneak, an amateur OpWz of Vehumet (D:4)
  An ice beast (D:5)
  2 ogres (D:4)
  A water moccasin skeleton (D:4)
  A howler monkey (D:5)
  3 crimson imps
  A centaur zombie (D:5)
  A hound (D:6)
  A centaur skeleton (D:5)
  2 orc priests
  5 orc wizards
  Robin (D:2)
  10 adders
  2 oozes
  2 leopard geckos
  19 orcs
  12 bats
  15 goblins
  11 hobgoblins
  14 jackals
  A quokka (D:5)
  5 frilled lizards
  8 kobolds
  A leopard gecko skeleton (D:5)
  7 rats
128 creatures vanquished.

Vanquished Creatures (collateral kills)
  A black bear (D:6)
  An ogre (D:5)
  A bullfrog (D:4)
  A scorpion (D:6)
  A howler monkey (D:4)
  2 hounds
  An orc wizard (D:5)
  A centaur skeleton (D:5)
  3 adders
  A shadow imp (D:6)
  A worm (D:4)
  A leopard gecko (D:4)
  An orc (D:4)
  A jackal skeleton (D:4)
17 creatures vanquished.

Grand Total: 145 creatures vanquished

Notes
Turn   | Place    | Note
-------+----------+-------------------------------------------
     0 | D:1      | RedPan the Octopode Wizard began the quest for the Orb.
     0 | D:1      | Reached XP level 1. HP: 11/11 MP: 4/4
   294 | D:1      | Reached XP level 2. HP: 10/17 MP: 3/6
  1161 | D:1      | Reached XP level 3. HP: 21/21 MP: 1/7
  1433 | D:1      | Learned a level 2 spell: Blink
  1436 | D:1      | Learned a level 2 spell: Call Imp
  1440 | D:1      | Learned a level 3 spell: Mephitic Cloud
  1737 | D:2      | Found a snail-covered altar of Cheibriados.
  2066 | D:2      | Reached XP level 4. HP: 15/27 MP: 1/9
  2150 | D:2      | Noticed Robin
  2174 | D:2      | Killed Robin
  3146 | D:3      | Reached XP level 5. HP: 25/31 MP: 6/10
  3648 | D:3      | Reached skill level 1 in Shields
  3684 | D:3      | Found a blossoming altar of Fedhas.
  4337 | D:4      | Reached XP level 6. HP: 12/36 MP: 2/11
  5160 | D:4      | Reached skill level 1 in Poison Magic
  5181 | D:4      | Reached skill level 1 in Air Magic
  5181 | D:4      | Reached XP level 7. HP: 24/41 MP: 1/12
  5412 | D:4      | Noticed RedPan's ghost (amateur OpWz)
  5433 | D:4      | Killed RedPan's ghost
  5433 | D:4      | Reached skill level 5 in Stealth
  5717 | D:4      | Found an ornate altar of the Wu Jian Council.
  6096 | D:5      | Entered Level 5 of the Dungeon
  6544 | D:5      | Found a sparkling altar of Nemelex Xobeh.
  7241 | D:5      | Found Toduil's Gadget Emporium.
  7324 | D:5      | Reached XP level 8. HP: 29/46 MP: 3/14
  7436 | D:5      | Found a burning altar of Makhleb.
  7798 | D:5      | Learned a level 3 spell: Conjure Flame
  8385 | D:5      | Found an opulent altar of Gozag.
  8559 | D:6      | Reached skill level 1 in Fighting
  8838 | D:6      | Noticed htuhola's ghost (novice DsAK)
  8856 | D:6      | Killed htuhola's ghost
  8856 | D:6      | Reached skill level 5 in Shields
  9084 | D:6      | Shot with an arrow by a centaur

Vault maps used:
D:1:      elethiomel_arrival_shortcut, minmay_pentomino_t2
D:2:      kb_forest_paths, nicolae_overflow_crystal_walls, uniq_robin
D:3:      kennysheep_the_goblin_king, fedhas_altar_2
D:4:      lemuel_coloured_pillars_altar
D:5:      old_standard_altar, makhleb_heckhound_becter,
          nicolae_gozag_cash_rules_everything_around_me, first_ration,
          serial_shops, kennysheep_mini_moat, item_on_display_b

Skill      XL: |  1  2  3  4  5  6  7  8 |
---------------+-------------------------+-----
Stealth        | 3 4 5 |  5.1
Conjurations   | 2 3 |  3.5
Shields        | 1 2 4 5 |  5.5
Dodging        | 3 4 |  4.8
Summonings     | 2 |  2.0
Translocations | 2 |  2.0
Poison Magic   | 1 2 4 |  4.0
Air Magic      | 1 2 |  2.0
Spellcasting   | 4 |  4.4
Fighting       | 2 |  2.1

Action                   |  1- 3 |  4- 6 |  7- 9 || total
-------------------------+-------+-------+-------++-------
Melee: Dagger            |    36 |    64 |    62 ||   162
       Constrict         |    14 |    18 |    13 ||    45
       Tentacles         |     9 |    13 |    17 ||    39
 Cast: Magic Dart        |    74 |    98 |   116 ||   288
       Call Imp          |       |    24 |    50 ||    74
       Blink             |       |     2 |       ||     2
Evoke: Wand              |       |     3 |    10 ||    13
  Use: Scroll            |     3 |     5 |     4 ||    12
       Potion            |       |     2 |       ||     2
 Stab: Distracted        |       |       |     2 ||     2
  Eat: Chunk             |     3 |    10 |    12 ||    25
Armor: Skin              |     6 |     1 |     9 ||    16
Dodge: Dodged            |    31 |    56 |    58 ||   145
Block: Buckler           |       |     5 |    18 ||    23

Table legend:
 A = Spawn XP
 B = Non-spawn XP
 C = Spawn XP percentage of total XP
 D = Spawn monster count
 E = Non-spawn monster count
 F = Spawn count percentage of total count
 G = Total turns spent on level
                    A         B        C        D         E        F      G
               +---------+---------+-------+---------+---------+-------+---------
         Total |       0 |    2322 |   0.0 |       0 |     145 |   0.0 |  9084
               +---------+---------+-------+---------+---------+-------+---------
           D:1 |       0 |      42 |   0.0 |       0 |      23 |   0.0 |  1514
           D:2 |       0 |      90 |   0.0 |       0 |      26 |   0.0 |  1169
           D:3 |       0 |     131 |   0.0 |       0 |      34 |   0.0 |  1579
           D:4 |       0 |     666 |   0.0 |       0 |      27 |   0.0 |  2089
           D:5 |       0 |     623 |   0.0 |       0 |      25 |   0.0 |  2066
           D:6 |       0 |     770 |   0.0 |       0 |      10 |   0.0 |   667
               +---------+---------+-------+---------+---------+-------+---------
